 Dungeon Crawl Stone Soup version 0.28-a0-1213-g0243856f03 (webtiles) character file.

Game seed: 11454494507981493138

132071 Zonian the Warrior (level 17, -2/159 HPs)
             Began as a Hill Orc Fighter on Dec 21, 2021.
             Was the Champion of Beogh.
             Killed by divine providence
             ... invoked by a meliai
              (10 damage)
             ... on level 3 of the Spider Nest.
             The game lasted 02:01:38 (47117 turns).

Zonian the Warrior (Hill Orc Fighter)              Turns: 47117, Time: 02:01:39

Health: -2/159     AC: 16    Str: 23    XL:     17   Next: 11%
Magic:  29/29      EV:  9    Int: 10    God:    Beogh [******]
Gold:   1606       SH:  0    Dex: 12    Spells: 13/16 levels left

rFire   + . .      SeeInvis +   d - +7 broad axe "Caqeygoh" {venom, Will++}
rCold   . . .      Faith    .   V - +1 kite shield
rNeg    . . .      Spirit   .   M - +0 ring mail "Iteihocaki" {rF+ Regen+ Slay+3}
rPois   .          Reflect  .   j - +2 helmet {SInv}
rElec   .          Harm     .   U - scarf {repulsion}
rCorr   .          Rampage  .   T - +1 pair of gloves
Will    +++..                   E - +0 pair of boots
Stlth   +.........              s - amulet of the acrobat
HPRegen 1.16/turn               e - +4 ring of protection
MPRegen 0.21/turn               k - +4 ring of evasion

@: corroded, held, slowed, studying Axes, repel missiles, very slow
A: walk on water
a: Renounce Religion, Smiting, Recall Orcish Followers, Give Item to Named
Follower, Resurrection


You were on level 3 of the Spider Nest.
You worshipped Beogh.
Beogh was exalted by your worship.
You visited 4 branches of the dungeon, and saw 26 of its levels.
You also visited: Bailey.

You collected 3137 gold pieces.
You spent 1531 gold pieces at shops.

Inventory:

Hand Weapons
 a - a +2 war axe of freezing
 d - the +7 broad axe "Caqeygoh" (weapon) {venom, Will++}
   (You bought it in a shop on level 2 of the Orcish Mines)

   It poisons the flesh of those it strikes.
   Will:      It greatly increases your willpower.
 g - the +6 spear "Keakeunirr" {flame, rPois}
   (You found it on level 11 of the Dungeon)

   It burns those it strikes, dealing additional fire damage.
   rPois:     It protects you from poison.
 n - a +2 vorpal executioner's axe
 q - a +2 long sword of holy wrath
 P - the +3 falchion of Drought {antimagic, *Slow rF+ rN+++ SInv}
   (You found it on level 1 of the Lair of Beasts)

   It reduces the magical energy of the wielder, and disrupts the spells and
   magical abilities of those it strikes.
   Natural abilities and divine invocations are not affected.
   rF:        It protects you from fire.
   rN:        It renders you almost immune to negative energy.
   SInv:      It lets you see invisible.
   *Slow:     It may slow you when you take damage.
 Q - a +2 whip of electrocution
 S - a +2 hand crossbow of flaming
 Y - the +9 demon blade "Newtbane" {flame, rElec rPois rF+ Dex-5}
   (You found it on level 6 of the Lair of Beasts)

   It burns those it strikes, dealing additional fire damage.
   Big, fiery blades are also staple armaments of hydra-hunters.
   Dex:       It affects your dexterity (-5).
   rF:        It protects you from fire.
   rElec:     It insulates you from electricity.
   rPois:     It protects you from poison.
Missiles
 c - 93 bolts
 y - 5 curare-tipped darts
 C - 72 poisoned darts (quivered)
Armour
 f - +0 swamp dragon scales
 j - a +2 helmet of see invisible (worn)
 E - a +0 pair of boots (worn)
 M - the +0 ring mail "Iteihocaki" (worn) {rF+ Regen+ Slay+3}
   (You found it on level 2 of the Lair of Beasts)

   Slay:      It affects your accuracy & damage with ranged weapons and melee
   (+3).
   rF:        It protects you from fire.
   Regen:     It increases your rate of health regeneration.
 T - a +1 pair of gloves (worn)
 U - a scarf of repulsion (worn)
 V - a +1 kite shield (worn)
Jewellery
 e - a +4 ring of protection (left hand)
 k - a +4 ring of evasion (right hand)
 s - an amulet of the acrobat (around neck)
 v - a ring of ice
 D - a +6 ring of intelligence
 K - a ring of see invisible
 L - a ring of protection from cold
Wands
 l - a wand of polymorph (7)
 x - a wand of digging (1)
 G - a wand of flame (46)
 H - a wand of paralysis (5)
 O - a wand of iceblast (3)
Scrolls
 b - a scroll of enchant armour
 z - 4 scrolls of fog
 A - 6 scrolls of magic mapping
 B - 2 scrolls of blinking
 I - 12 scrolls of identify
 N - 8 scrolls of teleportation
 R - 2 scrolls of fear
 X - a scroll of enchant weapon
 Z - a scroll of silence
Potions
 h - a potion of curing
 i - 3 potions of haste
 m - 3 potions of magic
 o - 5 potions of lignification
 p - a potion of might
 u - 4 potions of attraction
 w - 7 potions of flight
 F - 3 potions of invisibility
 J - 4 potions of brilliance
 W - 3 potions of resistance
Miscellaneous
 r - a phantom mirror
 t - a piece from Xom's chessboard (15/15)


   Skills:
 + Level 16.5 Fighting
 - Level 7.0 Long Blades
 - Level 16.0 Axes
 + Level 2.0 Crossbows
 + Level 15.3 Armour
 + Level 1.9 Dodging
 + Level 2.0 Stealth
 + Level 11.1 Shields
 + Level 0.4 Spellcasting
 + Level 0.5 Conjurations
 + Level 0.4 Earth Magic
 + Level 16.4 Invocations
 - Level 11.3 Evocations


You had 13 spell levels left.
You knew the following spells:

 Your Spells              Type           Power      Damage    Failure   Level
a - Stone Arrow           Conj/Erth      2%         3d7       89%         3

Your spell library contained the following spells:

 Spells                   Type           Power      Damage    Failure   Level
 Sandblast                Erth           2%         2d4       54%         1
 Sting                    Tmut/Pois      0%         1d3       63%         1
 Passwall                 Tmut/Erth      0%         N/A       73%         2
 Ensorcelled Hibernation  Hex/Ice        0%         N/A       77%         2
 Gell's Gravitas          Tloc           0%         N/A       94%         3
 Lesser Beckoning         Tloc           0%         N/A       94%         3
 Ozocubu's Armour         Ice            0%         N/A       94%         3
 Spider Form              Tmut/Pois      0%         N/A       94%         3
 Swiftness                Air            0%         N/A       94%         3
 Teleport Other           Tloc           0%         N/A       94%         3
 Hailstorm                Conj/Ice       0%         3d3       100%        4
 Ice Form                 Ice/Tmut       0%         N/A       100%        4
 Passage of Golubria      Tloc           0%         N/A       100%        4
 Blade Hands              Tmut           0%         N/A       100%        5
 Fireball                 Conj/Fire      0%         3d3       100%        5
 Iskenderun's Battlesphe  Conj           1%         2d6       100%        5
 Lee's Rapid Deconstruct  Erth           0%         3d5*      100%        5
 Silence                  Hex/Air        0%         N/A       100%        5
 Conjure Ball Lightning   Conj/Air       0%         3x3d6     100%        6
 Dispersal                Tloc           0%         N/A       100%        6
 Simulacrum               Ice/Necr       0%         N/A       100%        6
 Orb of Destruction       Conj           0%         N/A       100%        7
 Ozocubu's Refrigeration  Ice            0%         4d5       100%        7
 Lehudib's Crystal Spear  Conj/Erth      0%         10d2      100%        8


Dungeon Overview and Level Annotations

Branches:
Dungeon (15/15)            Temple (0/1) D:5            Lair (6/6) D:10
 Shoals (0/4) Lair:3       Spider (3/4) Lair:4        Slime (0/5) Lair:5
    Orc (2/2) D:12            Elf (0/3) Orc:2        Vaults (0/5) D:14
 Depths (0/4) D:15         Bailey (visited)

Altars:
Dithmenos
Fedhas
Gozag
Qazlal
Ru
Trog
Wu Jian
Xom
Beogh

Shops:
D:5 (   Orc:1 :   Orc:2 =*:?:


Message History

You can move again.
You struggle to detach yourself from the web.
You feel very sick.
The jumping spider leaps!
The meliai hits you but does no damage. The meliai stings you.
The tarantella barely misses you.
The demonic crawler hits you but does no damage.
The demonic crawler hits you!
* * * LOW HITPOINT WARNING * * *
The demonic crawler hits you but does no damage.
The jumping spider leaps! x2; The meliai hits you with a +0 hand axe!
* * * LOW HITPOINT WARNING * * *
The meliai stings you but does no damage.
The jumping spider leaps!
The hornet stings you.
* * * LOW HITPOINT WARNING * * *
You feel as though you will be slow longer.
The meliai hits you but does no damage. The meliai stings you.
* * * LOW HITPOINT WARNING * * *
You are more poisoned.
The meliai poisons you!
The tarantella touches you but does no damage.
The demonic crawler closely misses you. x2; The demonic crawler hits you.
* * * LOW HITPOINT WARNING * * *
The meliai hits you with a +0 hand axe!
* * * LOW HITPOINT WARNING * * *
The meliai closely misses you. The hornet barely misses you.
The tarantella touches you.
* * * LOW HITPOINT WARNING * * *
The meliai hits you but does no damage. The meliai barely misses you.
Okay, then.
Blink to where?
Press: ? - help, Dir - move target, f - you
Okay, then.
You feel better.
You kill the jumping spider!
Beogh accepts your kill. The meliai hits you but does no damage.
The meliai stings you!
* * * LOW HITPOINT WARNING * * *
The meliai calls down the wrath of its god upon you.
Something smites you!
You die...

... . ..## ... .#...#
.. .##.. #....##..
...#s.s†..#....
>....#^°....#. .
..°..^.s°...
s#....#.....##.#...s°#
yss.†#.
^^....sy....#..


sys!.s .#s..yy@!...... ssys# ...#..ys##..... yysy . #...s. #.#. #.y## ...#..#.
.. #s.y#.#...s......# . #<.s........^.#. . ...^.s.......... . ..
#..ss.s.#...?.(^ .. .. ....#.s.... You could see a demonic crawler (very
poisoned), 2 orb spiders, 2 hornets, 3 jumping spiders, 2 tarantellas, a redback
and 2 meliai.

Vanquished Creatures
  Agnes (D:14)
  Frances (D:14)
  Gastronok (Lair:1)
  Kirke (Lair:4)
  2 ghost moths
  Nessos (D:14)
  An entropy weaver (Spider:1)
  Snorg (D:14)
  Josephine (Orc:2)
  13 hydras
  Harold (D:9)
  An ogre mage (D:11)
  5 vault guards (D:14)
  Erolcha (D:9)
  2 boulder beetles (Lair:3)
  10 two-headed ogres
  2 centaur warriors
  A death yak (Lair:4)
  A tengu warrior (D:15)
  4 orc high priests (Orc:2)
  A swamp dragon (Lair:6)
  A wizard (D:15)
  2 lindwurms
  18 orb spiders
  An orc knight (D:12)
  10 wolf spiders
  A deep elf pyromancer (D:12)
  2 orc sorcerers
  5 ugly things
  2 manticores (D:12)
  A cyclops (D:12)
  9 elephants
  2 torpor snails (Spider:1)
  A guardian serpent (Lair:6)
  9 black mambas
  Joseph (D:9)
  16 cane toads
  3 gargoyles
  2 kobold demonologists
  An unseen horror (D:12)
  4 rime drakes
  9 komodo dragons
  8 demonic crawlers
  A freezing wraith (D:15)
  A tengu conjurer (D:14)
  5 polar bears
  4 meliai (Spider:2)
  8 trolls
  29 jumping spiders
  4 hornets
  10 blink frogs
  5 slime creatures
  48 redbacks
  2 shadows
  14 tarantellas
  20 wyverns
  39 yaks
  3 hogs (Lair:4)
  3 basilisks
  6 humans (D:8)
  3 vampires
  2 steam dragons (Lair:6)
  7 wraiths
  2 vampire mosquitoes (D:12)
  23 water moccasins
  3 wargs (Orc:2)
  5 acid dragons
  7 orc warriors
  A swamp drake (Lair:6)
  6 black bears
  14 wolves
  An ice beast (D:5)
  6 centaurs
  4 ogres
  2 phantoms
  5 kobold brigands
  9 bullfrogs
  2 gnoll sergeants (D:8)
  3 scorpions
  15 killer bees
  8 wights
  2 howler monkeys
  15 electric eels
  2 lava snakes (Lair:3)
  7 centaur zombies
  5 jellies
  A hound (D:5)
  Crazy Yiuf (D:4)
  8 orc priests
  A bullfrog skeleton (D:5)
  A centaur skeleton (D:4)
  Ijyb (D:5)
  7 iguanas
  A scorpion zombie (D:5)
  4 orc wizards
  2 killer bee zombies
  A howler monkey zombie (D:9)
  23 gnolls
  9 adders
  A shadow imp (D:7)
  12 white imps (Lair:6)
  An adder skeleton (D:4)
  5 worms
  3 dart slugs
  25 orcs
  4 bats
  16 endoplasms
  12 giant cockroaches
  16 goblins
  13 hobgoblins
  11 jackals
  7 quokkas
  12 ball pythons
  6 frilled lizards
  30 kobolds
  4 rats
759 creatures vanquished.

Vanquished Creatures (collateral kills)
  Jorgrun (D:14)
  A fire dragon (Lair:6)
  2 ettins
  3 vault guards (D:14)
  2 boulder beetles (D:13)
  2 centaur warriors
  2 hydras
  A death knight (D:15)
  A tengu warrior (D:12)
  2 two-headed ogres
  2 orc high priests (Orc:2)
  2 slime creatures
  Sonja (D:13)
  A skeletal warrior (D:15)
  A deep troll (D:15)
  An orb spider (Spider:1)
  An orc knight (Orc:2)
  2 cyclopes
  A deep elf pyromancer (D:14)
  7 ugly things
  A manticore (D:13)
  2 wolf spiders
  A kobold demonologist (Bailey)
  A demonic crawler (Spider:2)
  A tengu conjurer (D:15)
  A freezing wraith (D:15)
  A jumping spider (Spider:2)
  A redback (shapeshifter) (D:13)
  3 wraiths
  4 redbacks (Spider:1)
  2 tarantellas (Spider:1)
  2 vampire mosquitoes (D:14)
  4 wargs
  5 orc warriors
  An ogre (Orc:2)
  A centaur (D:14)
  2 kobold brigands
  A gnoll sergeant (D:13)
  4 orc wizards
  A howler monkey (D:12)
  7 orc priests
  A gnoll (Bailey)
  10 orcs
  3 goblins
  3 hobgoblins (Bailey)
99 creatures vanquished.

Vanquished Creatures (others)
  5 orc knights
  An orc sorcerer (Spider:2)
  An ugly thing (D:14)
  A jumping spider (Spider:1)
  12 orc warriors
  14 orc priests
  8 orc wizards
  38 orcs
  2 jackals (D:5)
  A goblin (Bailey)
  98 fungi
  172 plants
  10 toadstools (D:3)
363 creatures vanquished.

Grand Total: 1221 creatures vanquished

Notes
Turn   | Place    | Note
-------+----------+-------------------------------------------
     0 | D:1      | Zonian the Hill Orc Fighter began the quest for the Orb.
     0 | D:1      | Reached XP level 1. HP: 19/19 MP: 1/1
   102 | D:1      | Reached XP level 2. HP: 27/27 MP: 2/2
   479 | D:1      | Reached XP level 3. HP: 33/33 MP: 3/3
   807 | D:1      | Found a faded altar of an unknown god.
  1130 | D:2      | Reached XP level 4. HP: 41/41 MP: 4/4
  1666 | D:3      | Found an ornate altar of the Wu Jian Council.
  1676 | D:3      | Reached XP level 5. HP: 36/47 MP: 5/5
  2181 | D:3      | Reached skill level 5 in Fighting
  2182 | D:3      | Reached XP level 6. HP: 50/56 MP: 6/6
  2989 | D:4      | Reached skill level 5 in Axes
  3358 | D:4      | Reached skill level 5 in Armour
  3358 | D:4      | Reached skill level 5 in Shields
  3358 | D:4      | Reached XP level 7. HP: 60/62 MP: 7/7
  3415 | D:4      | Found a runed translucent door.
  3416 | D:4      | Noticed Crazy Yiuf
  3845 | D:4      | Killed Crazy Yiuf
  4034 | D:5      | Entered Level 5 of the Dungeon
  4101 | D:5      | Noticed Ijyb
  4115 | D:5      | Killed Ijyb
  4116 | D:5      | Reached XP level 8. HP: 68/71 MP: 8/8
  4224 | D:5      | Found a stormy altar of Qazlal.
  4225 | D:5      | Found a bloodstained altar of Trog.
  4226 | D:5      | Found a shadowy altar of Dithmenos.
  4288 | D:5      | Found a staircase to the Ecumenical Temple.
  4433 | D:5      | Found Vuadole's Weapon Shoppe.
  4708 | D:5      | Became a worshipper of Beogh the Brigand
  4883 | D:6      | Found a sacrificial altar of Ru.
  4888 | D:6      | Reached skill level 1 in Invocations
  6501 | D:7      | Reached XP level 9. HP: 79/79 MP: 9/11
  6689 | D:7      | Found a blossoming altar of Fedhas.
  6694 | D:7      | Found a shimmering altar of Xom.
  6748 | D:7      | Reached * piety under Beogh
  6896 | D:7      | Noticed a two-headed ogre
  6913 | D:7      | Killed a two-headed ogre
  7907 | D:8      | Reached skill level 5 in Invocations
  7995 | D:8      | Reached XP level 10. HP: 74/90 MP: 14/14
  9832 | D:9      | Noticed Harold
  9852 | D:9      | Killed Harold
 10003 | D:9      | Noticed Erolcha
 10050 | D:9      | Noticed Joseph
 10158 | D:9      | Reached skill level 10 in Axes
 10526 | D:9      | Reached ** piety under Beogh
 10725 | D:9      | Noticed a two-headed ogre
 10735 | D:9      | Killed a two-headed ogre
 10736 | D:9      | Reached skill level 10 in Fighting
 10736 | D:9      | Reached skill level 1 in Evocations
 10736 | D:9      | Reached XP level 11. HP: 99/99 MP: 16/16
 10766 | D:9      | Identified the +3 shortbow of Mana {flame, Int-4 Dex+5}
 11101 | D:9      | Killed Erolcha
 11612 | D:9      | Killed Joseph
 11638 | D:10     | Entered Level 10 of the Dungeon
 11639 | D:10     | Noticed a four-headed hydra
 12304 | D:10     | You fall into a shaft and drop 2 floors!
 12633 | D:10     | Noticed a two-headed ogre
 12645 | D:10     | Killed a two-headed ogre
 12710 | D:10     | Killed a four-headed hydra
 13262 | D:10     | Found a staircase to the Lair.
 13476 | Lair:1   | Entered Level 1 of the Lair of Beasts
 13690 | Lair:1   | Noticed a six-headed hydra
 13710 | Lair:1   | Killed a six-headed hydra
 13711 | Lair:1   | Reached skill level 10 in Armour
 13964 | Lair:1   | Noticed Gastronok
 14121 | Lair:1   | Identified the +3 falchion of Drought {antimagic, *Slow rF+
                  | rN+++ SInv}
 14519 | Lair:1   | Noticed an eight-headed hydra
 14627 | Lair:2   | Noticed a six-headed hydra
 14648 | Lair:3   | Reached XP level 12. HP: 15/110 MP: 17/19
 14665 | Lair:3   | Got the Catalogue of Earthen Moulding
 14963 | Lair:3   | Noticed a six-headed hydra
 14989 | Lair:3   | Killed a six-headed hydra
 15955 | Lair:3   | Reached skill level 10 in Invocations
 16594 | Lair:3   | Found a staircase to the Shoals.
 16732 | Lair:3   | Noticed a five-headed hydra
 17514 | Lair:2   | Noticed an eight-headed hydra
 17544 | Lair:1   | Killed Gastronok
 17545 | Lair:1   | Reached skill level 5 in Evocations
 18663 | Lair:1   | Noticed a seven-headed hydra
 18835 | Lair:2   | Identified the +0 ring mail "Iteihocaki" {rF+ Regen+
                  | Slay+3}
 19789 | Lair:2   | Killed a six-headed hydra
 20054 | Lair:3   | Found a runed translucent door.
 20621 | Lair:3   | Found a runed translucent gate.
 20622 | Lair:3   | Noticed a boulder beetle
 20623 | Lair:3   | Found a runed translucent gate.
 20625 | Lair:3   | Found a runed translucent gate.
 20625 | Lair:3   | Found a runed translucent gate.
 20625 | Lair:3   | Found a runed translucent gate.
 20625 | Lair:3   | Identified the -5 hat of Nickump {rF+}
 20625 | Lair:3   | Noticed a boulder beetle
 20626 | Lair:3   | Found a runed translucent gate.
 20899 | Lair:4   | Reached XP level 13. HP: 115/119 MP: 21/21
 21070 | Lair:4   | Noticed Kirke
 21096 | Lair:4   | Killed Kirke
 21848 | Lair:4   | Found a hole to the Spider Nest.
 22501 | Lair:5   | Reached *** piety under Beogh
 22763 | Lair:5   | Found a staircase to the Slime Pits.
 22888 | Lair:5   | You fall into a shaft and drop 1 floor!
 22888 | Lair:6   | Entered Level 6 of the Lair of Beasts
 23478 | Lair:6   | Reached **** piety under Beogh
 23497 | Lair:6   | Found a frozen archway.
 23586 | Lair:6   | Reached XP level 14. HP: 108/129 MP: 23/23
 24215 | Lair:6   | Reached ***** piety under Beogh
 24608 | Lair:6   | Identified the +9 demon blade "Newtbane" {flame, rElec
                  | rPois rF+ Dex-5}
 24620 | Lair:6   | Identified the +1 robe "Loeryr Qoif" {Rampage Int+4}
 24951 | Lair:6   | Reached skill level 1 in Long Blades
 27505 | D:11     | Identified the +6 spear "Keakeunirr" {flame, rPois}
 28883 | D:12     | Reached XP level 15. HP: 121/139 MP: 25/25
 29033 | D:12     | Found a staircase to the Orcish Mines.
 30608 | D:13     | Identified the +6 falchion "Seorieme" {pain, rPois rN+
                  | Will++ Str-5}
 30675 | D:13     | Found a flagged portal.
 30695 | Bailey   | Entered a bailey
 30826 | Bailey   | Found an iron altar of Okawaru.
 30835 | Bailey   | Reached skill level 5 in Long Blades
 32157 | Bailey   | Acquired a +2 vorpal executioner's axe
 33020 | D:13     | Noticed Sonja
 33046 | D:13     | Killed Sonja
 34045 | D:13     | Reached skill level 15 in Fighting
 34798 | D:14     | Noticed Jorgrun
 34810 | D:14     | Killed Jorgrun
 34811 | D:14     | Noticed Frances
 34976 | D:14     | Noticed Nessos
 34988 | D:14     | Reached skill level 10 in Shields
 34990 | D:14     | Killed Nessos
 35178 | D:14     | Killed Frances
 35179 | D:14     | Reached skill level 10 in Evocations
 35374 | D:14     | Noticed Agnes
 35382 | D:14     | Killed Agnes
 35481 | D:14     | Noticed Snorg
 35500 | D:14     | Killed Snorg
 36023 | D:14     | Found a gate to the Vaults.
 36232 | D:15     | Entered Level 15 of the Dungeon
 36251 | D:15     | Reached skill level 15 in Invocations
 36891 | D:15     | Found a staircase to the Depths.
 36970 | D:15     | Reached XP level 16. HP: 126/149 MP: 27/27
 37229 | D:15     | Found an opulent altar of Gozag.
 37585 | D:15     | Acquired a manual of Axes
 37718 | Orc:1    | Entered Level 1 of the Orcish Mines
 38238 | Orc:2    | Entered Level 2 of the Orcish Mines
 38606 | Orc:2    | Found a staircase to the Elven Halls.
 38613 | Orc:1    | Found Poruv's Book Emporium.
 39068 | Orc:1    | You fall into a shaft and drop 1 floor!
 39068 | Orc:2    | Noticed Josephine
 39072 | Orc:2    | Killed Josephine
 39170 | Orc:2    | Found Ylyoruoc's Magic Scroll Shop.
 39178 | Orc:2    | Bought a scroll of teleportation for 39 gold pieces
 39178 | Orc:2    | Bought a scroll of teleportation for 39 gold pieces
 39178 | Orc:2    | Bought a scroll of blinking for 97 gold pieces
 39183 | Orc:2    | Found Zuuterch's Book Shoppe.
 39204 | Orc:2    | Found a roughly hewn altar of Beogh.
 39218 | Orc:2    | Gained Koronagh as an ally
 39219 | Orc:2    | Reached skill level 15 in Axes
 39236 | Orc:2    | Your ally Koronagh died
 40209 | Orc:2    | Found Nuqib's Jewellery Boutique.
 40235 | Orc:2    | Found Tusec's General Store.
 40252 | Orc:2    | Bought a scroll of teleportation for 30 gold pieces
 40252 | Orc:2    | Bought the +7 broad axe "Caqeygoh" {venom, Will++} for 552
                  | gold pieces
 40267 | Orc:2    | Found Caeceuda's Book Shoppe.
 40557 | Orc:2    | Upgraded the game from 0.28-a0-1206-g193881aaa2 to
                  | 0.28-a0-1213-g0243856f03
 40945 | Spider:1 | Entered Level 1 of the Spider Nest
 41007 | Spider:1 | Gained Koronagh as an ally
 41011 | Spider:1 | Your ally Koronagh died
 41032 | Spider:1 | Reached ****** piety under Beogh
 41504 | Orc:2    | Bought a +4 ring of evasion for 504 gold pieces
 42761 | Spider:1 | Gained Arbeogh as an ally
 44183 | Spider:2 | Reached skill level 15 in Armour
 44802 | Spider:2 | Your ally Arbeogh died
 44805 | Spider:2 | Gained Margrim as an ally
 44814 | Spider:2 | Your ally Margrim died
 44839 | Spider:2 | Reached skill level 1 in Dodging
 44841 | Spider:2 | Reached skill level 1 in Stealth
 44848 | Spider:2 | Reached skill level 1 in Crossbows
 45154 | Spider:2 | Reached XP level 17. HP: 112/159 MP: 29/29
 46591 | Orc:2    | Bought a book of Geomancy for 270 gold pieces
 46595 | Orc:2    | Learned a level 3 spell: Stone Arrow
 47113 | Spider:3 | Paralysed by a hornet for 3 turns
 47116 | Spider:3 | HP: 6/159 [tarantella (5)]
 47117 | Spider:3 | Killed from afar by a meliai

Illustrated notes

Levels and vault maps discovered:
D:1:      minmay_arrival_radiant_lines, layout_loops_cross,
          ebering_ecumenical_altar_mist
D:2:      layout_basic
D:3:      cheibrodos_fertilizer, layout_basic, nicolae_overflow_crystal_walls,
          kennysheep_nub
D:4:      layout_loops_ring, cheibrodos_sewer_entry_sluice,
          minmay_tree_intersection, serial_bayou_lagoon_a,
          hangedman_decor_lopped, uniq_crazy_yiuf_cottage
D:5:      layout_basic, chequers_temple_overflow_statue_of_worship,
          temple_green, serial_shops, nicolae_shop_bloodbath_and_beyond,
          uniq_ijyb
D:6:      wad_lake_hut, layout_gridville, nicolae_ru_great_annihilating_truth
D:7:      layout_basic, mainiacjoe_overflow_large_starburst,
          nicolae_figureground_sparkle
D:8:      layout_loops_ring, chequers_serial_rivers_small_b, minmay_ruffians
D:9:      layout_loops_ring, uniq_harold, uniq_erolcha, uniq_joseph
D:10:     layout_basic, grunt_lair_entry_orc_guard_hut
D:11:     layout_cave_pods
D:12:     minmay_polygon_palace, layout_stronghold, orc_0_dummy
D:13:     layout_grid_maze, enter_bailey_5, uniq_sonja
D:14:     layout_loops_ring, erik_vaults_2, nrook_mini_vaults, uniq_snorg,
          uniq_agnes, uniq_jorgrun, uniq_nessos, uniq_frances
D:15:     hangedman_depths_entry_civil_slaughter, layout_loops_ring,
          nicolae_gozag_cash_rules_everything_around_me
Lair:1:   layout_hall_layers, minivault_26, grunt_megastairs_5, uniq_gastronok
Lair:2:   layout_layer_cave, enter_volcano_4, grunt_megastairs_3,
          infiniplex_staircase_pool
Lair:3:   gammafunk_indiana_jones, layout_regular_city, shoals_dummy_entry,
          gauntlet_entry_generic, disabler_island
Lair:4:   layout_regular_city, spider_nest_entry_funnel_web,
          beast_lair_carwin_5, serial_bayou_shore_a, uniq_kirke
Lair:5:   layout_regular_city, slime_dummy, st_stairs_5
Lair:6:   guppyfry_lair_end_dragon, layout_regular_city,
          hangedman_lair_tendril_chambers, portal_ice_cave_entry_imps
Spider:1: layout_spider_delve
Spider:2: layout_spider_delve, nicolae_spider_orb_run
Spider:3: layout_spider_delve, special_room [special_room_bee],
          nicolae_spider_bug_shape, hangedman_spider_tarantella_strand
Orc:1:    layout_diamond_mine, serial_shops, nicolae_square_shop
Orc:2:    st_orc_town, layout_caves, serial_shops,
          nicolae_shop_advertising_works [nicolae_subvault_shop_adworks],
          nicolae_orc_damp_corner, uniq_josephine

Skill      XL: |  1  2  3  4  5  6  7  8  9 10 11 12 13 14 15 16 17 |
---------------+----------------------------------------------------+-----
Axes           | 3 4 5 6 7 8 10 11 13 14 16 | 16.0
Fighting       | 4 5 6 7 8 10 11 12 13 14 15 16 | 16.5
Shields        | 4 5 6 7 9 10 11 | 11.1
Armour         | 4 5 6 7 9 10 11 12 13 14 15 | 15.3
Invocations    | 2 5 7 9 11 12 14 15 16 | 16.4
Evocations     | 1 4 6 7 9 10 11 | 11.3
Long Blades    | 4 6 7 |  7.0
Dodging        | 1 |  1.9
Stealth        | 1 2 |  2.0
Crossbows      | 1 2 |  2.0
Spellcasting   | |  0.4
Conjurations   | |  0.5
Earth Magic    | |  0.4

Action                   |  1- 3 |  4- 6 |  7- 9 | 10-12 | 13-15 | 16-18 || total
-------------------------+-------+-------+-------+-------+-------+-------++-------
Melee: War axe           |   142 |   221 |   284 |   537 |  1010 |    88 ||  2282
       Unarmed           |       |       |       |     5 |       |       ||     5
       Short sword       |       |       |       |    22 |       |       ||    22
       Dagger            |       |       |       |     3 |       |       ||     3
       Whip              |       |       |       |       |    10 |       ||    10
       Demon blade       |       |       |       |       |    58 |     8 ||    66
       Broad axe         |       |       |       |       |       |   313 ||   313
 Fire: Hunting sling     |       |       |       |    23 |     7 |       ||    30
       Hand crossbow     |       |       |       |       |       |    12 ||    12
Throw: Throwing net      |       |       |     1 |     8 |     1 |       ||    10
       Dart              |       |       |       |       |     4 |       ||     4
Invok: Convert to Beogh  |       |       |     1 |       |       |       ||     1
       Smiting           |       |       |       |     4 |     8 |     2 ||    14
       Recall Orcish Fol |       |       |       |       |     5 |     1 ||     6
Evoke: Wand              |       |       |     1 |    42 |     8 |     2 ||    53
       Piece from Xom's  |       |       |       |     5 |    14 |     1 ||    20
       Phantom mirror    |       |       |       |     1 |     2 |       ||     3
  Use: Scroll            |     2 |     4 |     9 |    14 |    13 |     2 ||    44
       Potion            |       |       |     1 |    12 |     2 |     2 ||    17
 Stab: Paralysed         |       |       |     1 |     3 |       |       ||     4
       Held in net/web   |       |       |     1 |     4 |       |       ||     5
       Distracted        |       |       |       |     1 |     3 |     3 ||     7
       Confused          |       |       |       |       |     2 |       ||     2
Armor: Scale mail        |    82 |   120 |   155 |   337 |       |       ||   694
       Skin              |       |       |       |    66 |       |       ||    66
       Ring mail         |       |       |       |    46 |   531 |   218 ||   795
       Swamp dragon scal |       |       |       |       |       |    46 ||    46
Dodge: Dodged            |    63 |   110 |   152 |   346 |   527 |   287 ||  1485
       Repelled          |       |       |       |       |     9 |     3 ||    12
Block: Buckler           |    39 |    55 |    69 |   222 |   230 |       ||   615
       Kite shield       |       |       |       |       |   241 |   321 ||   562

Table legend: (Time is in decaauts)
 A = Elapsed time spent in this place.
 B = Non-inter-level travel time spent in this place.
 C = Inter-level travel time spent in this place.
 D = Time resting spent in this place.
 E = Time spent auto-exploring this place.
 F = Levels seen in this place.
 G = Mean time per level.
                   A        B        C        D        E       F      G
               +--------+--------+--------+--------+--------+-----+--------+
         Total |  47365 |  44660 |   2705 |  20013 |  15980 |  27 | 1754.3 |
       Dungeon |  22670 |  21284 |   1386 |   7614 |   9483 |  15 | 1511.3 |
          Lair |  14093 |  13165 |    928 |   6039 |   4262 |   6 | 2348.8 |
   Spider Nest |   5031 |   4859 |    172 |   2845 |   1320 |   3 | 1677.0 |
  Orcish Mines |   3270 |   3052 |    218 |   1684 |    765 |   2 | 1635.0 |
        Bailey |   2301 |   2301 |      0 |   1831 |    150 |   1 | 2301.0 |
               +--------+--------+--------+--------+--------+-----+--------+

Top non-repeatable levels by time:
  Lair:3: 3367 daAuts
Spider:1: 3125 daAuts
  Lair:6: 2978 daAuts
  Lair:1: 2886 daAuts
     D:6: 2778 daAuts
    D:10: 2318 daAuts
  Bailey: 2301 daAuts
   Orc:2: 2151 daAuts
  Lair:2: 2006 daAuts
    D:13: 1964 daAuts
     D:9: 1889 daAuts
Spider:2: 1887 daAuts
  Lair:4: 1836 daAuts
    D:11: 1725 daAuts
    D:14: 1569 daAuts
